 Dungeon Crawl Stone Soup version 0.31-a0-1321-g5021b54cb2 (webtiles) character file.

Game seed: 14496234542453076065

381 Sonofthefire the Ruffian (level 6, -4/38 HPs)
             Began as an Octopode Shapeshifter on Dec 20, 2023.
             Slain by an ice beast (6 damage)
             ... on level 5 of the Dungeon.
             The game lasted 00:03:33 (3274 turns).

Sonofthefire the Ruffian (Octopode Shapeshifter)    Turns: 3274, Time: 00:03:34

Health: -4/38      AC:  1    Str: 16    XL:     6   Next: 75%
Magic:  6/6        EV: 13    Int: 12    God:
Gold:   259        SH:  0    Dex: 11    Spells: 5/5 levels left

rFire   . .          .
                       - Unarmed
rCold   + . .        (no shield)
rNeg    . . .        (helmet currently unavailable)
rPois   .            (no amulet)
rElec   .            n - ring of protection from cold
rCorr   .            p - ring of flight
SInv    .            (no ring)
Will    .....        (no ring)
Stlth   ++           (no ring)
HPRegen 0.26/turn    (no ring)
MPRegen 0.10/turn    (no ring)
                     (no ring)

%: no passive effects
@: beast-form, flying
A: beast (slay +1), almost no armour, amphibious, 8 rings, camouflage 1,
gelatinous body 1, (nimble swimmer 1), tentacles
a: Begin Untransformation


You were on level 5 of the Dungeon.
You were a hulking beast.
You visited 1 branch of the dungeon, and saw 5 of its levels.

You collected 259 gold pieces.

Inventory:

Missiles
 f - a throwing net
Jewellery
 n - a ring of protection from cold (left tentacle)
 p - a ring of flight (right tentacle)
Talismans
 b - a beast talisman
 c - a flux talisman
 i - a granite talisman
 t - a blade talisman
Scrolls
 d - a scroll of brand weapon {unknown}
 h - a scroll of enchant armour {unknown}
 j - 2 scrolls of identify {unknown}
 k - a scroll of silence {unknown}
 m - a scroll of noise {unknown}
 o - a scroll of butterflies {unknown}
 q - a scroll of fog {unknown}
 r - a scroll of amnesia {unknown}
 s - a scroll of teleportation {unknown}
Potions
 a - a potion of berserk rage {unknown}
 e - 2 potions of curing
 g - a potion of might {unknown}
 l - a potion of mutation {unknown}


   Skills:
 - Level 1.0 Fighting
 - Level 2.0 Dodging
 + Level 7.4 Unarmed Combat
 - Level 3.0 Shapeshifting


You had 5 spell levels left.
You didn't know any spells.
Your spell library contained the following spells:

 Spells                   Type           Power      Damage    Failure   Level
 Lesser Beckoning         Tloc           0%         N/A       45%         2
 Gell's Gravitas          Tloc           0%         N/A       69%         3
 Teleport Other           Tloc           0%         N/A       69%         3


Dungeon Overview and Level Annotations

Branches:
Dungeon (5/15)
 Temple: D:4-7

Altars:
Ashenzari
Kikubaaqudgha
Nemelex Xobeh
The Shining One

Annotations:
D:4 3 runed translucent doors, bungle's ghost, amateur DjCj


Innate Abilities, Weirdness & Mutations

You are a hulking beast.
Your limbs bulge with bestial killing power. (Slay +1)
You cannot wear most types of armour.
You are amphibious.
You can wear up to eight rings at the same time.
Your skin changes colour to match your surroundings (Stealth+).
Your rubbery body absorbs attacks. (AC +1, EV +1)
((You are camouflaged when in or above water. (Stealth+)))
You have tentacles for arms and can constrict up to eight enemies at once.


Message History

You are too injured to fight recklessly!
You are too injured to fight recklessly!
You are too injured to fight recklessly!
You are too injured to fight recklessly!
You are too injured to fight recklessly!
You are too injured to fight recklessly!
You are too injured to fight recklessly!
Unknown command.
You tentacle-slap the scorpion. Your grab misses the scorpion.
You squeeze the scorpion.
The scorpion is heavily wounded.
You feel very sick. The scorpion stings you.
You closely miss the scorpion. You grab the scorpion. You squeeze the scorpion.
The scorpion is severely wounded.
You constrict the scorpion.
You feel sick. The scorpion stings you! The scorpion closely misses you.
You tentacle-slap the scorpion but do no damage.
The scorpion is severely wounded.
You constrict the scorpion.
You feel sick. The scorpion barely misses you.
You tentacle-slap the scorpion.
You kill the scorpion!
You feel sick.
It was a potion of curing.
You feel better. The ice beast closely misses you.
You closely miss the ice beast. The ice beast hits you.
The ice beast freezes you. You resist.
You barely miss the ice beast. The ice beast hits you.
The ice beast freezes you. You resist.
You tentacle-slap the ice beast. You squeeze the ice beast!
The ice beast is heavily wounded.
The ice beast hits you.
* * * LOW HITPOINT WARNING * * *
The ice beast freezes you. You resist.
* * * LOW HITPOINT WARNING * * *
You barely miss the ice beast. Your squeeze misses the ice beast.
The ice beast is heavily wounded.
The ice beast hits you.
* * * LOW HITPOINT WARNING * * *
The ice beast freezes you. You resist.
You die...

#....#...#
##........###
#####............
#.......#.......
#.$............
##<......##
#...##....#
##.#.....#
#.#.Yh..#
#...#.......#
#.....#####..#..
#....# .# ..#...
.. . #.# .. .. .
##


You could see an ice beast.

Vanquished Creatures
  An ogre (D:4)
  A scorpion (D:5)
  A hound (D:4)
  An iguana (D:2)
  2 sleepcaps (D:4)
  4 adders (D:2)
  2 worms (D:2)
  2 dart slugs
  3 orcs (D:3)
  6 endoplasms
  4 giant cockroaches
  5 goblins
  6 hobgoblins
  4 jackals (D:3)
  9 kobolds
  4 quokkas
  12 ball pythons
  3 bats
  3 frilled lizards
  4 rats
77 creatures vanquished.

Notes
Turn   | Place    | Note
-------+----------+-------------------------------------------
     0 | D:1      | Sonofthefire the Octopode Shapeshifter began the quest for
                  | the Orb.
     0 | D:1      | Reached XP level 1. HP: 13/13 MP: 1/1
   103 | D:1      | Reached XP level 2. HP: 15/18 MP: 2/2
   287 | D:1      | Reached skill level 4 in Unarmed Combat
   531 | D:1      | Reached XP level 3. HP: 17/23 MP: 3/3
   995 | D:2      | Reached skill level 5 in Unarmed Combat
   995 | D:2      | Reached XP level 4. HP: 4/28 MP: 4/4
  1831 | D:3      | Reached XP level 5. HP: 32/33 MP: 5/5
  2126 | D:3      | Found a sparkling altar of Nemelex Xobeh.
  2587 | D:4      | Reached skill level 6 in Unarmed Combat
  2668 | D:4      | Noticed an ogre
  2696 | D:4      | Killed an ogre
  2697 | D:4      | Reached XP level 6. HP: 5/38 MP: 6/6
  2927 | D:4      | Found a broken altar of Ashenzari.
  2929 | D:4      | Found an ancient bone altar of Kikubaaqudgha.
  2993 | D:4      | Found a glowing golden altar of the Shining One.
  3000 | D:4      | Reached skill level 7 in Unarmed Combat
  3128 | D:4      | Found a runed translucent gate.
  3128 | D:4      | Found a runed translucent gate.
  3132 | D:4      | Found a runed translucent gate.
  3134 | D:4      | Noticed bungle's ghost (amateur DjCj)
  3261 | D:5      | Entered Level 5 of the Dungeon
  3263 | D:5      | Noticed an ice beast
  3274 | D:5      | Slain by an ice beast

Illustrated notes

Levels and vault maps discovered:
D:1:      minmay_arrival_loop, layout_loops_ring
D:2:      layout_basic, minmay_heptomino_w4
D:3:      layout_basic, nemelex_xobeh_ov_fountains_minmay
D:4:      layout_basic, mainiacjoe_overflow_paths,
          mainiacjoe_overflow_catwalk_spiral, gammafunk_ghost_necromancy,
          hangedman_decor_lopped, roderic_roman_lattice
D:5:      layout_cave_pools, lightli_temple_of_fire, minmay_temple_entry_glass

Skill      XL: |  1  2  3  4  5  6 |
---------------+-------------------+-----
Unarmed Combat | 4 5 6 7 |  7.4
Fighting       | |  1.0
Dodging        | |  2.0
Shapeshifting  | |  3.0

Action                     |  1- 3 |  4- 6 || total
---------------------------+-------+-------++-------
  Melee: Unarmed           |    62 |    94 ||   156
         Constrict         |    10 |    22 ||    32
         Punch             |     2 |     1 ||     3
         Tentacles         |     5 |    23 ||    28
    Use: Potion            |     1 |     1 ||     2
   Stab: Sleeping          |     7 |     7 ||    14
 Armour: Skin              |    29 |    32 ||    61
  Dodge: Dodged            |    29 |    54 ||    83

Table legend: (Time is in decaauts)
 A = Elapsed time spent in this place.
 B = Non-inter-level travel time spent in this place.
 C = Inter-level travel time spent in this place.
 D = Time resting spent in this place.
 E = Time spent auto-exploring this place.
 F = Levels seen in this place.
 G = Mean time per level.
                   A        B        C        D        E       F      G
               +--------+--------+--------+--------+--------+-----+--------+
         Total |   3257 |   3123 |    134 |    685 |   1969 |   5 |  651.4 |
       Dungeon |   3257 |   3123 |    134 |    685 |   1969 |   5 |  651.4 |
               +--------+--------+--------+--------+--------+-----+--------+

Top non-repeatable levels by time:
     D:2: 911 daAuts
     D:1: 894 daAuts
     D:3: 735 daAuts
     D:4: 705 daAuts
     D:5: 11 daAuts
